 Dungeon Crawl Stone Soup version 0.29-a0-330-g52719c12eb (webtiles) character file.

Game seed: 10677072827322048688

113 kae the Firebug (level 4, -7/28 HPs)
             Began as an Octopode Fire Elementalist on Apr 18, 2022.
             Mangled by a worm (10 damage)
             ... on level 3 of the Dungeon.
             The game lasted 00:01:04 (3200 turns).

kae the Firebug (Octopode Fire Elementalist)        Turns: 3200, Time: 00:01:05

Health: -7/28      AC:  1    Str:  7    XL:     4   Next: 96%
Magic:  2/7        EV: 13    Int: 19    God:
Gold:   175        SH:  0    Dex: 12    Spells: 1/7 levels left

rFire   . . .      SeeInvis .   k - +0 hand axe
rCold   . . .      Faith    .   (no shield)
rNeg    . . .      Spirit   .   (helmet restricted)
rPois   .          Reflect  .   (no amulet)
rElec   .          Harm     .   (no ring)
rCorr   .          Rampage  .   (no ring)
Will    .....                   (no ring)
Stlth   +++.......              (no ring)
HPRegen 0.09/turn               (no ring)
MPRegen 0.10/turn               (no ring)
                                (no ring)
                                (no ring)

@: very slightly contaminated
A: almost no armour, amphibious, 8 rings, camouflage 1, gelatinous body 1,
(nimble swimmer 1), tentacles
a: no special abilities


You were on level 3 of the Dungeon.
You visited 1 branch of the dungeon, and saw 3 of its levels.

You collected 175 gold pieces.

Inventory:

Hand Weapons
 k - a +0 hand axe (weapon)
Scrolls
 b - a scroll of enchant armour {unknown}
 d - a scroll of vulnerability {unknown}
 e - 3 scrolls of teleportation
 i - 2 scrolls of fog
Potions
 a - 2 potions of magic
 c - a potion of heal wounds
 f - a potion of mutation
 g - 3 potions of curing
 h - 2 potions of attraction {unknown}
 l - 2 potions of resistance {unknown}


   Skills:
 + Level 1.0 Fighting
 + Level 2.5 Dodging
 + Level 3.8 Stealth
 + Level 2.4 Spellcasting
 + Level 2.0 Conjurations
 * Level 3.8 Fire Magic


You had one spell level left.
You knew the following spells:

 Your Spells              Type           Power      Damage    Failure   Level
a - Foxfire               Conj/Fire      52%        2x1d6     4%          1
b - Scorch                Fire           32%        2d7       4%          2
c - Conjure Flame         Conj/Fire      13%        6-21      14%         3

Your spell library contained the following spells:

 Spells                   Type           Power      Damage    Failure   Level
 Inner Flame              Hex/Fire       9%         N/A       22%         3
 Confusing Touch          Hex            2%         N/A       43%         3
 Flame Wave               Conj/Fire      13%        2d6       43%         4
 Yara's Violent Unravell  Hex/Tmut       1%         3d3       99%         5
 Enfeeble                 Hex            1%         N/A       100%        7


Dungeon Overview and Level Annotations

Branches:
Dungeon (3/15)

Altars:

Shops:
D:3 [


Innate Abilities, Weirdness & Mutations

You cannot wear most types of armour.
You are amphibious.
You can wear up to eight rings at the same time.
Your skin changes colour to match your surroundings (Stealth+).
Your rubbery body absorbs attacks. (AC +1, EV +1)
((You are camouflaged when in or above water. (Stealth+)))
You have tentacles for arms and can constrict up to eight enemies at once.


Message History

The foxfire hits the worm.
The worm is lightly wounded.
Casting: Foxfire (safe; 4% risk of failure)
Confirm with . or Enter, or press ? or * to list all spells.
You miscast Foxfire.
You are very lightly contaminated with residual magic.
Nothing appears to happen.
A worm is nearby!
Casting: Foxfire (safe; 4% risk of failure)
Confirm with . or Enter, or press ? or * to list all spells.
You conjure some foxfire!
The worm bites you.
The foxfire hits the worm.
The worm is lightly wounded.
The foxfire hits the worm.
The worm is heavily wounded.
The worm completely misses you.
A worm is nearby!
Casting: Foxfire (safe; 4% risk of failure)
Confirm with . or Enter, or press ? or * to list all spells.
You miscast Foxfire.
Nothing appears to happen.
A worm is nearby!
Casting: Foxfire (safe; 4% risk of failure)
Confirm with . or Enter, or press ? or * to list all spells.
You conjure some foxfire!
The worm bites you!
The foxfire hits the worm.
The worm is heavily wounded.
The foxfire hits the worm.
The worm is severely wounded.
A worm is nearby!
A worm is nearby!
Casting: Foxfire (safe; 4% risk of failure)
Confirm with . or Enter, or press ? or * to list all spells.
You conjure some foxfire!
The worm bites you!
* * * LOW HITPOINT WARNING * * *
The foxfire hits the worm but does no damage.
The worm is severely wounded.
The foxfire hits the worm.
The worm is severely wounded.
The worm bites you!
You die...

#.#.###..##..#.#
#.#...^......#.#
# #####.####.#.#
### #.#.# #.#.#
#...# #### ##..#
... #..##w###.#
#..§@.....#
#.>.§§.##.#
#...###.# #+###
.# #


You could see a worm.

Vanquished Creatures
  3 adders
  An ufetubus (D:3)
  4 worms (D:2)
  A dart slug (D:1)
  5 orcs (D:3)
  5 ball pythons
  8 endoplasms
  4 giant cockroaches
  4 goblins
  6 hobgoblins
  5 jackals (D:2)
  3 kobolds (D:2)
  2 quokkas
  A bat (D:2)
  3 rats (D:1)
55 creatures vanquished.

Vanquished Creatures (others)
  208 foxfires
208 creatures vanquished.

Grand Total: 263 creatures vanquished

Notes
Turn   | Place    | Note
-------+----------+-------------------------------------------
     0 | D:1      | kae the Octopode Fire Elementalist began the quest for the
                  | Orb.
     0 | D:1      | Reached XP level 1. HP: 11/11 MP: 3/3
   269 | D:1      | Reached XP level 2. HP: 17/17 MP: 1/5
   437 | D:1      | Found a faded altar of an unknown god.
  1061 | D:1      | Reached XP level 3. HP: 22/22 MP: 3/6
  1064 | D:1      | Learned a level 2 spell: Scorch
  1068 | D:1      | Learned a level 3 spell: Conjure Flame
  1971 | D:2      | Reached XP level 4. HP: 27/27 MP: 2/7
  2909 | D:3      | Reached skill level 1 in Fighting
  3025 | D:3      | Found Ruyfa Mopt's Antique Armour Shop.
  3200 | D:3      | Mangled by a worm

Illustrated notes

Levels and vault maps discovered:
D:1:      wheals_arrival_shading, layout_rooms,
          shapermc_ecumenical_altar_mp_urbaneastern,
          chequers_serial_rivers_micro_b
D:2:      layout_basic, kennysheep_generic_room_5
D:3:      layout_basic, lemuel_crystal_altar, serial_shops, shop_statue

Skill      XL: |  1  2  3  4 |
---------------+-------------+-----
Stealth        | 3 |  3.8
Fighting       | 1 |  1.0
Conjurations   | 2 |  2.0
Dodging        | |  2.5
Spellcasting   | |  2.4
Fire Magic     | |  3.8

Action                   |  1- 3 |  4- 6 || total
-------------------------+-------+-------++-------
Melee: Unarmed           |     8 |       ||     8
       Constrict         |     3 |     5 ||     8
       Tentacles         |     1 |     1 ||     2
       Hand axe          |       |    17 ||    17
       Punch             |       |     1 ||     1
 Cast: Foxfire           |    79 |    41 ||   120
  Use: Scroll            |       |     7 ||     7
Armor: Skin              |     1 |       ||     1
Dodge: Dodged            |    14 |    40 ||    54

Table legend: (Time is in decaauts)
 A = Elapsed time spent in this place.
 B = Non-inter-level travel time spent in this place.
 C = Inter-level travel time spent in this place.
 D = Time resting spent in this place.
 E = Time spent auto-exploring this place.
 F = Levels seen in this place.
 G = Mean time per level.
                   A        B        C        D        E       F      G
               +--------+--------+--------+--------+--------+-----+--------+
         Total |   3204 |   3160 |     44 |      3 |   2727 |   3 | 1068.0 |
       Dungeon |   3204 |   3160 |     44 |      3 |   2727 |   3 | 1068.0 |
               +--------+--------+--------+--------+--------+-----+--------+

Top non-repeatable levels by time:
     D:2: 1756 daAuts
     D:1: 1118 daAuts
     D:3: 329 daAuts
